Map: Ruines de Seras

Players

Phoman - Winner!

  • Race: Zerg Zerg
  • League: Diamond

Worming

  • Race: Zerg Zerg
  • League: Diamond

VOD

Have the link to the VOD?

Description

Time

  • Played on: Nov. 13, 2015, 3:24 p.m.
  • Length: 8:52
Show
View Real Time Build Order
Export as new Build Order

Phoman Zerg - Winner!

Build Orders: Hatch First 

Get SALT Encoding   

  12  0:01  Drone  
  13  0:12  Overlord  
  13  0:18  Drone  
  14  0:31  Drone x2  
  14  0:35  Drone  
  17  0:56  Hatchery  
  16  0:58  Drone  
  16  1:04  Drone, Extractor  
  18  1:09  Drone  
  18  1:22  Spawning Pool  
  17  1:28  Drone  
  18  1:35  Drone  
  18  1:39  Drone  
  20  1:50  Overlord  
  20  2:01  Drone  
  21  2:08  Metabolic Boost  
  21  2:10  Queen  
  21  2:12  Queen  
  21  2:14  Zergling x2  
  26  2:17  Drone  
  26  2:22  Drone  
  28  2:23  Drone  
  30  2:30  Drone  
  30  2:35  Drone  
  30  2:36  Baneling Nest  
  30  2:41  Overlord  
  30  2:46  Zergling x2  
  31  2:52  Zergling x2  
  31  2:55  Zergling x2  
  33  3:02  Zergling x2  
  34  3:07  Zergling x2  
  34  3:12  Overlord  
  35  3:21  Zergling x14  
  42  3:28  Zergling x2  
  42  3:32  Zergling x2  
  44  3:34  Lair  
  44  3:36  Extractor  
  44  3:41  Zergling x4  
  46  3:45  Baneling x3  
  46  3:46  Baneling  
  46  3:47  Baneling  
  46  3:52  Zergling x2  
  46  3:53  Zergling x6  
  37  4:21  Zergling x2  
  37  4:22  Zergling x8  
  40  4:30  Zergling x12  
  45  4:41  Extractor  
  45  4:42  Zergling x6  
  45  4:45  Extractor  
  46  4:46  Extractor  
  46  4:50  Drone  
  46  4:51  Baneling  
  46  4:52  Baneling  
  32  5:30  Drone x8  
  32  5:31  Drone x2  
  42  5:38  Drone  
  42  5:40  Spire  
  42  5:45  Drone  
  42  5:46  Drone  
  44  5:55  Zergling x2  
  45  5:58  Zergling x2  
  46  6:05  Baneling x2  
  46  6:06  Baneling x2  
  46  6:09  Zergling x10  
  46  6:10  Zergling x2  
  52  6:12  Baneling x3  
  44  6:43  Zergling x8  
  44  6:44  Zergling x2  
  49  6:53  Mutalisk  
  51  6:56  Overlord x3  
  50  7:16  Mutalisk  
  50  7:17  Mutalisk x6  
  50  7:22  Drone x2  
  66  7:23  Drone x2  
  63  7:36  Mutalisk x2  
  67  7:48  Zergling x6  
  67  7:49  Zergling x8  
  73  8:11  Mutalisk  
  75  8:31  Hatchery  
  74  8:34  Extractor  
Show
View Real Time Build Order
Export as new Build Order

Worming Zerg 

Build Orders: Hatch First, Zergling Baneling 

Get SALT Encoding   

  12  0:01  Drone  
  13  0:15  Overlord  
  13  0:18  Drone  
  14  0:33  Drone x2  
  16  0:40  Drone  
  17  0:50  Drone  
  18  0:59  Hatchery  
  18  1:01  Drone  
  18  1:14  Spawning Pool  
  17  1:18  Drone  
  17  1:21  Drone  
  17  1:24  Extractor  
  18  1:42  Overlord  
  18  1:43  Drone  
  19  2:02  Zergling x2, Spine Crawler  
  19  2:07  Zergling x2, Spine Crawler  
  19  2:11  Baneling Nest  
  19  2:12  Zergling x2  
  19  2:15  Queen  
  21  2:25  Drone  
  21  2:27  Drone  
  21  2:29  Drone  
  24  2:41  Drone  
  25  2:48  Metabolic Boost  
  25  2:50  Drone  
  26  2:57  Drone  
  27  2:59  Drone x2  
  27  3:00  Zergling x2  
  30  3:09  Drone  
  30  3:10  Drone  
  32  3:27  Drone x4  
  36  3:38  Baneling  
  36  3:39  Baneling  
  36  3:40  Overlord  
  36  3:41  Overlord  
  36  3:45  Overlord  
  36  3:49  Baneling x4  
  36  3:50  Baneling  
  26  4:18  Zergling x8  
  26  4:33  Zergling x2  
  26  4:34  Zergling x8  
  29  4:44  Drone  
  30  4:48  Queen  
  30  4:52  Baneling x4  
  30  5:08  Baneling x3  
  24  5:21  Zergling x2  
  24  5:22  Zergling x8  
  29  5:33  Drone x2  
  31  5:39  Drone x3  
  33  5:51  Extractor  
  33  5:53  Drone x3  
  35  6:00  Evolution Chamber  
  34  6:06  Zergling x4  
  34  6:07  Zergling x6  
  34  6:09  Baneling  
  34  6:10  Baneling x6  
  39  6:15  Extractor  
  32  6:43  Drone x3  
  32  6:45  Zerg Ground Armor Level 1  
  35  6:48  Drone x2, Evolution Chamber  
  35  6:49  Zergling x2, Roach Warren  
  36  6:54  Baneling  
  36  6:55  Baneling  
  36  7:20  Drone x3  
  39  7:26  Queen  
  39  7:29  Baneling x2  
  41  7:30  Baneling  
  41  7:31  Overlord  
  41  7:39  Lair  
  41  7:40  Drone x2  
  43  7:55  Roach  
  41  8:21  Extractor  
  41  8:24  Drone x3  
  41  8:25  Drone x5  
  46  8:27  Spore Crawler  
  46  8:28  Spore Crawler  
Tags
 
Add a new tag
Caveats
  • Supply blocks, unpowered buildings, or Contaminate may cause inaccurate times.
  • Supply counts are checked every 10 seconds.